Workbook

Sheet Resumen trimestral
A1: RESUMEN TRIMESTRAL
A2: Orientativo para preparar los modelos 303 y 130. Revisa siempre las cifras antes de presentar.
A3: Concepto | B3: 1T | C3: 2T | D3: 3T | E3: 4T | F3: Año
A4: Ingresos (base imponible) | B4: =SUMIF(Ingresos!$M$5:$M$304,1,Ingresos!$G$5:$G$304) | C4: =SUMIF(Ingresos!$M$5:$M$304,2,Ingresos!$G$5:$G$304) | D4: =SUMIF(Ingresos!$M$5:$M$304,3,Ingresos!$G$5:$G$304) | E4: =SUMIF(Ingresos!$M$5:$M$304,4,Ingresos!$G$5:$G$304) | F4: =SUM(B4:E4)
A5: IVA repercutido | B5: =SUMIF(Ingresos!$M$5:$M$304,1,Ingresos!$I$5:$I$304) | C5: =SUMIF(Ingresos!$M$5:$M$304,2,Ingresos!$I$5:$I$304) | D5: =SUMIF(Ingresos!$M$5:$M$304,3,Ingresos!$I$5:$I$304) | E5: =SUMIF(Ingresos!$M$5:$M$304,4,Ingresos!$I$5:$I$304) | F5: =SUM(B5:E5)
A6: Retenciones que te han practicado | B6: =SUMIF(Ingresos!$M$5:$M$304,1,Ingresos!$K$5:$K$304) | C6: =SUMIF(Ingresos!$M$5:$M$304,2,Ingresos!$K$5:$K$304) | D6: =SUMIF(Ingresos!$M$5:$M$304,3,Ingresos!$K$5:$K$304) | E6: =SUMIF(Ingresos!$M$5:$M$304,4,Ingresos!$K$5:$K$304) | F6: =SUM(B6:E6)
A7: Gastos deducibles IRPF | B7: =SUMIF(Gastos!$O$5:$O$304,1,Gastos!$M$5:$M$304) | C7: =SUMIF(Gastos!$O$5:$O$304,2,Gastos!$M$5:$M$304) | D7: =SUMIF(Gastos!$O$5:$O$304,3,Gastos!$M$5:$M$304) | E7: =SUMIF(Gastos!$O$5:$O$304,4,Gastos!$M$5:$M$304) | F7: =SUM(B7:E7)
A8: IVA soportado deducible | B8: =SUMIF(Gastos!$O$5:$O$304,1,Gastos!$K$5:$K$304) | C8: =SUMIF(Gastos!$O$5:$O$304,2,Gastos!$K$5:$K$304) | D8: =SUMIF(Gastos!$O$5:$O$304,3,Gastos!$K$5:$K$304) | E8: =SUMIF(Gastos!$O$5:$O$304,4,Gastos!$K$5:$K$304) | F8: =SUM(B8:E8)
A9: Resultado del 303 (IVA repercutido − deducible) | B9: =B5-B8 | C9: =C5-C8 | D9: =D5-D8 | E9: =E5-E8 | F9: =SUM(B9:E9)
A10: Rendimiento del trimestre (ingresos − gastos) | B10: =B4-B7 | C10: =C4-C7 | D10: =D4-D7 | E10: =E4-E7 | F10: =SUM(B10:E10)
A12: Las amortizaciones de la hoja Bienes de inversión no están incluidas en los gastos: súmalas al calcular el rendimiento del año.

Sheet Ingresos
A1: INGRESOS
A2: Facturas emitidas, por orden de número. Rellena las celdas en amarillo: el IVA, la retención, el total y el trimestre se calculan solos.
A4: N.º factura | B4: Fecha expedición | C4: Fecha operación (si es distinta) | D4: Cliente | E4: NIF cliente | F4: Concepto | G4: Base imponible | H4: % IVA | I4: Cuota IVA | J4: % IRPF | K4: Retención | L4: Total factura | M4: Trimestre
I5: =IF(G5="","",ROUND(G5*H5/100,2)) | K5: =IF(G5="","",ROUND(G5*J5/100,2)) | L5: =IF(G5="","",G5+I5-K5) | M5: =IF(B5="","",ROUNDUP(MONTH(B5)/3,0))
I6: =IF(G6="","",ROUND(G6*H6/100,2)) | K6: =IF(G6="","",ROUND(G6*J6/100,2)) | L6: =IF(G6="","",G6+I6-K6) | M6: =IF(B6="","",ROUNDUP(MONTH(B6)/3,0))
I7: =IF(G7="","",ROUND(G7*H7/100,2)) | K7: =IF(G7="","",ROUND(G7*J7/100,2)) | L7: =IF(G7="","",G7+I7-K7) | M7: =IF(B7="","",ROUNDUP(MONTH(B7)/3,0))
I8: =IF(G8="","",ROUND(G8*H8/100,2)) | K8: =IF(G8="","",ROUND(G8*J8/100,2)) | L8: =IF(G8="","",G8+I8-K8) | M8: =IF(B8="","",ROUNDUP(MONTH(B8)/3,0))
I9: =IF(G9="","",ROUND(G9*H9/100,2)) | K9: =IF(G9="","",ROUND(G9*J9/100,2)) | L9: =IF(G9="","",G9+I9-K9) | M9: =IF(B9="","",ROUNDUP(MONTH(B9)/3,0))
I10: =IF(G10="","",ROUND(G10*H10/100,2)) | K10: =IF(G10="","",ROUND(G10*J10/100,2)) | L10: =IF(G10="","",G10+I10-K10) | M10: =IF(B10="","",ROUNDUP(MONTH(B10)/3,0))
I11: =IF(G11="","",ROUND(G11*H11/100,2)) | K11: =IF(G11="","",ROUND(G11*J11/100,2)) | L11: =IF(G11="","",G11+I11-K11) | M11: =IF(B11="","",ROUNDUP(MONTH(B11)/3,0))
I12: =IF(G12="","",ROUND(G12*H12/100,2)) | K12: =IF(G12="","",ROUND(G12*J12/100,2)) | L12: =IF(G12="","",G12+I12-K12) | M12: =IF(B12="","",ROUNDUP(MONTH(B12)/3,0))
I13: =IF(G13="","",ROUND(G13*H13/100,2)) | K13: =IF(G13="","",ROUND(G13*J13/100,2)) | L13: =IF(G13="","",G13+I13-K13) | M13: =IF(B13="","",ROUNDUP(MONTH(B13)/3,0))
I14: =IF(G14="","",ROUND(G14*H14/100,2)) | K14: =IF(G14="","",ROUND(G14*J14/100,2)) | L14: =IF(G14="","",G14+I14-K14) | M14: =IF(B14="","",ROUNDUP(MONTH(B14)/3,0))
I15: =IF(G15="","",ROUND(G15*H15/100,2)) | K15: =IF(G15="","",ROUND(G15*J15/100,2)) | L15: =IF(G15="","",G15+I15-K15) | M15: =IF(B15="","",ROUNDUP(MONTH(B15)/3,0))
I16: =IF(G16="","",ROUND(G16*H16/100,2)) | K16: =IF(G16="","",ROUND(G16*J16/100,2)) | L16: =IF(G16="","",G16+I16-K16) | M16: =IF(B16="","",ROUNDUP(MONTH(B16)/3,0))
... I304: =IF(G304="","",ROUND(G304*H304/100,2)) | K304: =IF(G304="","",ROUND(G304*J304/100,2)) | L304: =IF(G304="","",G304+I304-K304) | M304: =IF(B304="","",ROUNDUP(MONTH(B304)/3,0))

Sheet Gastos
A1: GASTOS
A2: Facturas recibidas, numeradas por orden de registro. Los porcentajes deducibles vacíos cuentan como 100 %. El IVA que no puedes deducir suma como gasto en el IRPF.
A4: N.º registro | B4: Fecha factura | C4: N.º factura proveedor | D4: Proveedor | E4: NIF proveedor | F4: Concepto | G4: Base imponible | H4: % IVA | I4: Cuota IVA | J4: % IVA deducible | K4: IVA deducible | L4: % gasto deducible IRPF | M4: Gasto deducible IRPF | N4: Total factura | O4: Trimestre
I5: =IF(G5="","",ROUND(G5*H5/100,2)) | K5: =IF(G5="","",ROUND(I5*IF(J5="",100,J5)/100,2)) | M5: =IF(G5="","",ROUND((G5+I5-K5)*IF(L5="",100,L5)/100,2)) | N5: =IF(G5="","",G5+I5) | O5: =IF(B5="","",ROUNDUP(MONTH(B5)/3,0))
I6: =IF(G6="","",ROUND(G6*H6/100,2)) | K6: =IF(G6="","",ROUND(I6*IF(J6="",100,J6)/100,2)) | M6: =IF(G6="","",ROUND((G6+I6-K6)*IF(L6="",100,L6)/100,2)) | N6: =IF(G6="","",G6+I6) | O6: =IF(B6="","",ROUNDUP(MONTH(B6)/3,0))
I7: =IF(G7="","",ROUND(G7*H7/100,2)) | K7: =IF(G7="","",ROUND(I7*IF(J7="",100,J7)/100,2)) | M7: =IF(G7="","",ROUND((G7+I7-K7)*IF(L7="",100,L7)/100,2)) | N7: =IF(G7="","",G7+I7) | O7: =IF(B7="","",ROUNDUP(MONTH(B7)/3,0))
I8: =IF(G8="","",ROUND(G8*H8/100,2)) | K8: =IF(G8="","",ROUND(I8*IF(J8="",100,J8)/100,2)) | M8: =IF(G8="","",ROUND((G8+I8-K8)*IF(L8="",100,L8)/100,2)) | N8: =IF(G8="","",G8+I8) | O8: =IF(B8="","",ROUNDUP(MONTH(B8)/3,0))
I9: =IF(G9="","",ROUND(G9*H9/100,2)) | K9: =IF(G9="","",ROUND(I9*IF(J9="",100,J9)/100,2)) | M9: =IF(G9="","",ROUND((G9+I9-K9)*IF(L9="",100,L9)/100,2)) | N9: =IF(G9="","",G9+I9) | O9: =IF(B9="","",ROUNDUP(MONTH(B9)/3,0))
I10: =IF(G10="","",ROUND(G10*H10/100,2)) | K10: =IF(G10="","",ROUND(I10*IF(J10="",100,J10)/100,2)) | M10: =IF(G10="","",ROUND((G10+I10-K10)*IF(L10="",100,L10)/100,2)) | N10: =IF(G10="","",G10+I10) | O10: =IF(B10="","",ROUNDUP(MONTH(B10)/3,0))
I11: =IF(G11="","",ROUND(G11*H11/100,2)) | K11: =IF(G11="","",ROUND(I11*IF(J11="",100,J11)/100,2)) | M11: =IF(G11="","",ROUND((G11+I11-K11)*IF(L11="",100,L11)/100,2)) | N11: =IF(G11="","",G11+I11) | O11: =IF(B11="","",ROUNDUP(MONTH(B11)/3,0))
I12: =IF(G12="","",ROUND(G12*H12/100,2)) | K12: =IF(G12="","",ROUND(I12*IF(J12="",100,J12)/100,2)) | M12: =IF(G12="","",ROUND((G12+I12-K12)*IF(L12="",100,L12)/100,2)) | N12: =IF(G12="","",G12+I12) | O12: =IF(B12="","",ROUNDUP(MONTH(B12)/3,0))
I13: =IF(G13="","",ROUND(G13*H13/100,2)) | K13: =IF(G13="","",ROUND(I13*IF(J13="",100,J13)/100,2)) | M13: =IF(G13="","",ROUND((G13+I13-K13)*IF(L13="",100,L13)/100,2)) | N13: =IF(G13="","",G13+I13) | O13: =IF(B13="","",ROUNDUP(MONTH(B13)/3,0))
I14: =IF(G14="","",ROUND(G14*H14/100,2)) | K14: =IF(G14="","",ROUND(I14*IF(J14="",100,J14)/100,2)) | M14: =IF(G14="","",ROUND((G14+I14-K14)*IF(L14="",100,L14)/100,2)) | N14: =IF(G14="","",G14+I14) | O14: =IF(B14="","",ROUNDUP(MONTH(B14)/3,0))
I15: =IF(G15="","",ROUND(G15*H15/100,2)) | K15: =IF(G15="","",ROUND(I15*IF(J15="",100,J15)/100,2)) | M15: =IF(G15="","",ROUND((G15+I15-K15)*IF(L15="",100,L15)/100,2)) | N15: =IF(G15="","",G15+I15) | O15: =IF(B15="","",ROUNDUP(MONTH(B15)/3,0))
I16: =IF(G16="","",ROUND(G16*H16/100,2)) | K16: =IF(G16="","",ROUND(I16*IF(J16="",100,J16)/100,2)) | M16: =IF(G16="","",ROUND((G16+I16-K16)*IF(L16="",100,L16)/100,2)) | N16: =IF(G16="","",G16+I16) | O16: =IF(B16="","",ROUNDUP(MONTH(B16)/3,0))
... I304: =IF(G304="","",ROUND(G304*H304/100,2)) | K304: =IF(G304="","",ROUND(I304*IF(J304="",100,J304)/100,2)) | M304: =IF(G304="","",ROUND((G304+I304-K304)*IF(L304="",100,L304)/100,2)) | N304: =IF(G304="","",G304+I304) | O304: =IF(B304="","",ROUNDUP(MONTH(B304)/3,0))

Sheet Bienes de inversión
A1: BIENES DE INVERSIÓN
A2: Ordenadores, maquinaria, vehículos y otros bienes que amortizas en varios años. Si el bien empieza a usarse a mitad de año, la amortización de ese año se prorratea por días.
A4: N.º | B4: Fecha de compra | C4: Fecha de puesta en uso | D4: Descripción del bien | E4: N.º factura | F4: Valor de compra (sin IVA) | G4: % amortización anual | H4: Amortización anual | I4: Amortización acumulada años anteriores | J4: Pendiente de amortizar | K4: Fecha de baja o venta
H5: =IF(F5="","",ROUND(F5*G5/100,2)) | J5: =IF(F5="","",F5-IF(I5="",0,I5)-H5)
H6: =IF(F6="","",ROUND(F6*G6/100,2)) | J6: =IF(F6="","",F6-IF(I6="",0,I6)-H6)
H7: =IF(F7="","",ROUND(F7*G7/100,2)) | J7: =IF(F7="","",F7-IF(I7="",0,I7)-H7)
H8: =IF(F8="","",ROUND(F8*G8/100,2)) | J8: =IF(F8="","",F8-IF(I8="",0,I8)-H8)
H9: =IF(F9="","",ROUND(F9*G9/100,2)) | J9: =IF(F9="","",F9-IF(I9="",0,I9)-H9)
H10: =IF(F10="","",ROUND(F10*G10/100,2)) | J10: =IF(F10="","",F10-IF(I10="",0,I10)-H10)
H11: =IF(F11="","",ROUND(F11*G11/100,2)) | J11: =IF(F11="","",F11-IF(I11="",0,I11)-H11)
H12: =IF(F12="","",ROUND(F12*G12/100,2)) | J12: =IF(F12="","",F12-IF(I12="",0,I12)-H12)
H13: =IF(F13="","",ROUND(F13*G13/100,2)) | J13: =IF(F13="","",F13-IF(I13="",0,I13)-H13)
H14: =IF(F14="","",ROUND(F14*G14/100,2)) | J14: =IF(F14="","",F14-IF(I14="",0,I14)-H14)
H15: =IF(F15="","",ROUND(F15*G15/100,2)) | J15: =IF(F15="","",F15-IF(I15="",0,I15)-H15)
H16: =IF(F16="","",ROUND(F16*G16/100,2)) | J16: =IF(F16="","",F16-IF(I16="",0,I16)-H16)
... H304: =IF(F304="","",ROUND(F304*G304/100,2)) | J304: =IF(F304="","",F304-IF(I304="",0,I304)-H304)

Sheet Provisiones y suplidos
A1: PROVISIONES Y SUPLIDOS
A2: Solo profesionales: anticipos de clientes para pagar gastos en su nombre (provisiones de fondos) y pagos hechos por cuenta del cliente (suplidos).
A4: Fecha | B4: Cliente | C4: Tipo (provisión o suplido) | D4: Concepto | E4: Importe | F4: Fecha de aplicación o devolución
